 Dungeon Crawl Stone Soup version 0.27.0-1-g7a089689b8 (webtiles) character file.

Game seed: 11791084225552372268

53 mainiacjoe the Sneak (level 4, 0/24 HPs)
             Began as a Kobold Earth Elementalist on Aug 7, 2021.
             Succumbed to a scorpion's poison
             ... on level 4 of the Dungeon.
             The game lasted 00:09:27 (2635 turns).

mainiacjoe the Sneak (Kobold Earth Elementalist)    Turns: 2635, Time: 00:09:28

Health: 0/24       AC:  2    Str:  5    XL:     4   Next: 10%
Magic:  7/7        EV: 15    Int: 17    God:
Gold:   87         SH:  0    Dex: 15    Spells: 1/7 levels left

rFire    . . .     SeeInvis .   a - +0 dagger
rCold    . . .     Faith    .   (shield restricted)
rNeg     . . .     Spirit   .   j - +0 robe
rPois    .         Reflect  .   (no helmet)
rElec    .         Harm     .   (no cloak)
rCorr    .         Rampage  .   (no gloves)
Will     .....                  (no boots)
Stlth    ++++......             (no amulet)
HPRegen  0.08/turn              (no ring)
MPRegen  0.10/turn              (no ring)

@: lethally poisoned (0 -> -23)
A: small, no large weapons, nightstalker 3
a: no special abilities


You were on level 4 of the Dungeon.
You visited 1 branch of the dungeon, and saw 4 of its levels.

You collected 87 gold pieces.

Inventory:

Hand Weapons
 a - a +0 dagger (weapon)
 b - a +0 flail
Missiles
 c - 81 stones
 d - 31 sling bullets
 h - 40 arrows
 n - 8 bolts
 q - 11 poisoned darts (quivered)
Armour
 j - a +0 robe (worn)
Magical Staves
 m - a staff of poison
Jewellery
 i - an amulet of faith
Scrolls
 f - a scroll of immolation
 g - a scroll of enchant armour
 k - 3 scrolls of teleportation
 p - a scroll of blinking
Potions
 e - a potion of cancellation
 o - a potion of heal wounds


   Skills:
 - Level 2.4 Dodging
 * Level 4.5 Stealth
 - Level 2.1 Spellcasting
 + Level 0.7 Conjurations
 - Level 1.0 Transmutations
 + Level 3.7 Earth Magic


You had one spell level left.
You knew the following spells:

 Your Spells              Type           Power      Damage    Failure   Level
a - Sandblast             Erth           28%        2d8       4%          1
b - Passwall              Tmut/Erth      7%         N/A       11%         2
c - Stone Arrow           Conj/Erth      18%        3d8       22%         3

Your spell library contained the following spells:

 Spells                   Type           Power      Damage    Failure   Level
 Conjure Flame            Conj/Fire      3%         6-21      43%         3
 Ignite Poison            Fire/Tmut/Pois 2%         N/A       45%         3
 Petrify                  Tmut/Erth      9%         N/A       56%         4
 Sticky Flame             Conj/Fire      3%         2d3       85%         4


Dungeon Overview and Level Annotations

Branches:
Dungeon (4/15)
 Temple: D:4-7

Altars:

Annotations:
D:3 3 runed translucent doors
D:4 exclusion: 2 upstairs, Grinder


Innate Abilities, Weirdness & Mutations

You are small and have problems with some larger weapons.
You are completely attuned to the shadows.


Message History

(D) Dungeon
Where to? (Enter - D:3, ? - help)
There is a stone staircase leading down here.
You climb downwards.
Found a stone staircase leading up.
There is a stone staircase leading up here.
As you read the scroll of identify, it crumbles to dust.
p - a scroll of blinking Grinder comes into view.
Grinder shouts!
You hear a bark! x2
Grinder is nearby!
Unknown command.
There is a stone staircase leading up here.
Press: ? - help, v - describe, . - travel A stone staircase leading up.
Placed new exclusion.
Reduced exclusion size to a single square.
This staircase is marked as excluded!
Enter next level anyway?
You climb upwards.
Level annotation: 3 runed translucent doors
There is a stone staircase leading down here.
There is a stone staircase leading down here.
You climb downwards.
Level annotation: exclusion: 2 upstairs, Grinder
Found a scroll of identify.
There is a stone staircase leading up here.
A scorpion comes into view.
Found an escape hatch in the floor.
You see here a scroll of identify.
You completely miss the scorpion. The scorpion stings you.
You are poisoned.
The scorpion poisons you! The scorpion stings you!
You are more poisoned.
The scorpion poisons you!
You are too injured to fight recklessly!
* * * LOW HITPOINT WARNING * * *
You feel extremely sick.
You see here a scroll of identify.
You die...

#. ... #
.#...
#.#.#.#
##.#...#..
.....<...#
##.@..###
##?....#
#.s.....#
...........
..#.......
.>.......
####...#


You could see a scorpion.

Vanquished Creatures
  An adder (D:2)
  A worm (D:2)
  An orc (D:3)
  2 bats (D:1)
  6 endoplasms
  A giant cockroach (D:1)
  2 goblins
  3 hobgoblins
  2 jackals (D:3)
  A quokka (D:1)
  4 ball pythons (D:1)
  2 frilled lizards
  5 kobolds (D:1)
  5 rats
36 creatures vanquished.

Notes
Turn   | Place    | Note
-------+----------+-------------------------------------------
     0 | D:1      | mainiacjoe the Kobold Earth Elementalist began the quest
                  | for the Orb.
     0 | D:1      | Reached XP level 1. HP: 10/10 MP: 3/3
   217 | D:1      | Reached skill level 3 in Stealth
   347 | D:1      | Reached XP level 2. HP: 15/15 MP: 3/5
   354 | D:1      | Learned a level 2 spell: Passwall
  1206 | D:1      | Reached XP level 3. HP: 19/19 MP: 3/6
  1366 | D:2      | Learned a level 3 spell: Stone Arrow
  1471 | D:2      | Reached skill level 4 in Stealth
  2053 | D:3      | Reached XP level 4. HP: 24/24 MP: 7/7
  2073 | D:3      | Found a runed translucent gate.
  2073 | D:3      | Found a runed translucent gate.
  2074 | D:3      | Found a runed translucent gate.
  2608 | D:4      | Noticed Grinder
  2630 | D:4      | Noticed a scorpion
  2635 | D:4      | Succumbed to a scorpion's poison

Illustrated notes

Levels and vault maps discovered:
D:1:      tarquinn_simple_flora_water_d, layout_basic
D:2:      layout_rooms
D:3:      layout_rooms, ebering_ghost_rock_garden, kennysheep_pointless_box
D:4:      layout_loops_ring, minivault_26, minmay_quadrilaterals, uniq_grinder

Skill      XL: |  1  2  3 |
---------------+----------+-----
Stealth        | 3 4 |  4.5
Dodging        | |  2.4
Spellcasting   | |  2.1
Conjurations   | |  0.7
Transmutations | |  1.0
Earth Magic    | |  3.7

Action                   |  1- 3 |  4- 6 || total
-------------------------+-------+-------++-------
Melee: Club              |     3 |       ||     3
       Dagger            |    19 |     6 ||    25
       Short sword       |     6 |       ||     6
       Flail             |       |     4 ||     4
 Cast: Sandblast         |    18 |     1 ||    19
       Passwall          |     7 |       ||     7
  Use: Scroll            |     4 |     2 ||     6
 Stab: Sleeping          |    18 |     1 ||    19
Armor: Robe              |     1 |     2 ||     3
Dodge: Dodged            |    14 |     5 ||    19
